 Dungeon Crawl Stone Soup version 0.29.1-2-gbd0b4ee654 (webtiles) character file.

Game seed: 5344936277552545576

88 croobank the Ducker (level 4, 0/32 HPs)
             Began as an Octopode Fighter on Nov 26, 2022.
             Slain by a goblin
             ... wielding a +0 club
             ... led by Robin
              (4 damage)
             ... on level 3 of the Dungeon.
             The game lasted 00:03:47 (2388 turns).

croobank the Ducker (Octopode Fighter)              Turns: 2388, Time: 00:03:48

Health: 0/32       AC:  1    Str: 21    XL:     4   Next: 53%
Magic:  4/4        EV: 13    Int:  9    God:
Gold:   159        SH:  4    Dex: 10    Spells: 3/3 levels left

rFire   . . .      SeeInvis .     - Unarmed
rCold   . . .      Faith    .   a - +0 buckler
rNeg    . . .      Spirit   .   (helmet restricted)
rPois   .          Reflect  .   j - amulet of magic regeneration
rElec   .          Harm     .   (no ring)
rCorr   .          Rampage  .   (no ring)
Will    .....                   (no ring)
Stlth   ++........              (no ring)
HPRegen 0.10/turn               (no ring)
MPRegen 0.49/turn               (no ring)
                                (no ring)
                                (no ring)

@: lethally poisoned (0 -> -4), invisible
A: almost no armour, amphibious, 8 rings, camouflage 1, gelatinous body 1,
(nimble swimmer 1), tentacles, deterioration 1, screaming 1, strong 1, evolution
1
a: no special abilities


You were on level 3 of the Dungeon.
You visited 1 branch of the dungeon, and saw 3 of its levels.

You collected 159 gold pieces.

Inventory:

Armour
 a - a +0 buckler (worn)
Jewellery
 j - an amulet of magic regeneration (around mantle)
 l - a ring of flight
Scrolls
 b - a scroll of amnesia
 f - 3 scrolls of blinking {unknown}
 g - a scroll of fear {unknown}
 h - a scroll of enchant weapon {unknown}
 m - a scroll of butterflies {unknown}
Potions
 e - a potion of curing {unknown}
 i - a potion of mutation
 k - a potion of brilliance {unknown}


   Skills:
 + Level 3.6 Fighting
 + Level 3.6 Dodging
 + Level 3.6 Shields
 + Level 2.8 Unarmed Combat


You had 3 spell levels left.
You didn't know any spells.
Your spell library contained the following spells:

 Spells                   Type           Power      Damage    Failure   Level
 Freeze                   Ice            0%         1d3       47%         1
 Frozen Ramparts          Ice            0%         1d1       85%         3
 Hailstorm                Conj/Ice       0%         3d3       99%         4
 Iskenderun's Battlesphe  Conj           0%         2d6       100%        5
 Iron Shot                Conj/Erth      0%         9d1       100%        6
 Spellforged Servitor     Conj/Summ      0%         N/A       100%        7


Dungeon Overview and Level Annotations

Branches:
Dungeon (3/15)

Altars:

Annotations:
D:3 Robin


Innate Abilities, Weirdness & Mutations

You cannot wear most types of armour.
You are amphibious.
You can wear up to eight rings at the same time.
Your skin changes colour to match your surroundings (Stealth+).
Your rubbery body absorbs attacks. (AC +1, EV +1)
((You are camouflaged when in or above water. (Stealth+)))
You have tentacles for arms and can constrict up to eight enemies at once.
Your body sometimes deteriorates upon taking damage.
You occasionally shout uncontrollably at your foes.
Your muscles are strong. (Str +4, Int/Dex -1)
You have hidden genetic potential.


Message History

You hear a shout!
Robin throws the goblin at you! The goblin closely misses you.
The goblin attacks as you move away! The goblin hits you with a +0 dagger.
The goblin attacks as you move away! The goblin barely misses you.
The goblin attacks as you move away! The goblin hits you with a +0 dagger.
A gnoll comes into view. It is wielding a +0 halberd.
You closely miss the goblin. You grab the goblin. You constrict the goblin.
The goblin hits you with a +0 dagger.
You bludgeon the goblin!
You kill the goblin!
The gnoll shouts!
You start resting.
A gnoll is nearby!
You block the gnoll's attack.
You tentacle-slap the gnoll. Your grab misses the gnoll. You squeeze the gnoll.
The gnoll is heavily wounded.
The gnoll hits you with a +0 halberd! You block the gnoll's attack.
You tentacle-slap the gnoll. You grab the gnoll.
The gnoll is severely wounded.
You constrict the gnoll, but do no damage.
You tentacle-slap the gnoll.
You kill the gnoll!
The goblin hits you with a +1 dagger of venom.
* * * LOW HITPOINT WARNING * * *
You are lethally poisoned!
You tentacle-slap the goblin.
You kill the goblin!
* * * LOW HITPOINT WARNING * * *
You feel sick.
It was a potion of mutation.
You feel extremely strange.
You feel yourself wasting away.
You feel the urge to shout.
You feel a hidden potential growing inside you.
You feel stronger.
* * * LOW HITPOINT WARNING * * *
You feel sick.
It was a potion of invisibility.
You fade into invisibility!
* * * LOW HITPOINT WARNING * * *
You feel sick. The goblin hits you with a +0 club.
You die...

####### #..g@.# # #.###)##g
#.# ... #.###.### #.....#
###.### #)# ########## #.#
#.........
#########.########.#######.


You could see a goblin (unable to see you).

Vanquished Creatures
  A gnoll (D:3)
  2 adders (D:2)
  A worm (D:2)
  A dart slug (D:3)
  3 orcs (D:3)
  4 endoplasms
  3 giant cockroaches
  7 goblins (D:3)
  3 hobgoblins
  5 ball pythons
  7 bats
  5 frilled lizards
  8 kobolds
  3 rats
53 creatures vanquished.

Notes
Turn   | Place    | Note
-------+----------+-------------------------------------------
     0 | D:1      | croobank the Octopode Fighter began the quest for the Orb.
     0 | D:1      | Reached XP level 1. HP: 16/16 MP: 1/1
   292 | D:1      | Found a faded altar of an unknown god.
   602 | D:1      | Reached XP level 2. HP: 21/21 MP: 2/2
  1160 | D:2      | Reached XP level 3. HP: 3/26 MP: 3/3
  1931 | D:3      | Reached XP level 4. HP: 31/31 MP: 4/4
  2162 | D:3      | Noticed Robin
  2387 | D:3      | Gained mutation: Your body sometimes deteriorates upon
                  | taking damage. [potion of mutation]
  2387 | D:3      | Gained mutation: You occasionally shout uncontrollably at
                  | your foes. [potion of mutation]
  2387 | D:3      | Gained mutation: You have hidden genetic potential. [potion
                  | of mutation]
  2387 | D:3      | Gained mutation: Your muscles are strong. (Str +4, Int/Dex
                  | -1) [potion of mutation]
  2388 | D:3      | Slain by a goblin

Illustrated notes

Levels and vault maps discovered:
D:1:      minmay_arrival_five_plusses, layout_basic,
          shapermc_ecumenical_altar_ellora, minmay_pentomino_v2
D:2:      layout_basic
D:3:      layout_loops_ring, nicolae_overflow_ecumenical_swirl,
          dreamdust_princess_corridor, st_stairs_3, minmay_misc_feat_pillars,
          corexii_item_surrounded_by_moat, uniq_robin

Action                   |  1- 3 |  4- 6 || total
-------------------------+-------+-------++-------
Melee: Unarmed           |    72 |    29 ||   101
       Constrict         |    16 |     9 ||    25
       Tentacles         |    13 |     5 ||    18
       Punch             |     5 |     2 ||     7
  Use: Potion            |     1 |     2 ||     3
       Scroll            |       |     2 ||     2
 Stab: Sleeping          |     7 |     1 ||     8
Armor: Skin              |     4 |     2 ||     6
Dodge: Dodged            |    27 |    10 ||    37
Block: Buckler           |    11 |     8 ||    19
